 Dungeon Crawl Stone Soup version 0.29.1-12-g30fa7ad0bf (webtiles) character file.

Game seed: 12430421593907052132

2746497 GeoRichter the Ruinous (level 26, 187/200 HPs)
             Began as a Demonspawn Hedge Wizard on Dec 24, 2022.
             Was the Champion of Vehumet.
             Escaped with the Orb
             ... and 5 runes!
             The game lasted 04:10:11 (85506 turns).

GeoRichter the Ruinous (Demonspawn Hedge Wizard)   Turns: 85506, Time: 04:10:12

Health: 187/200    AC: 18    Str: 16    XL:     26   Next: 87%
Magic:  55/55      EV: 16    Int: 26    God:    Vehumet [******]
Gold:   4027       SH: 23    Dex: 12    Spells: 13/63 levels left

rFire   + + +      SeeInvis .   b - staff of fire
rCold   + + .      Faith    .   y - +5 kite shield "Fuugrouq" {Will+}
rNeg    + + .      Spirit   .   W - +2 faerie dragon scales {rCorr MP+9 Str+5}
rPois   +          Reflect  +   k - +2 helmet "Qaviylia" {Fly rElec rC+ Slay+2}
rElec   +          Harm     .   g - scarf {rC+ rF+}
rCorr   +          Rampage  +   (gloves unavailable)
Will    ++...      Rnd*Tele +   M - +1 pair of boots {rampage}
Stlth   +.........              H - amulet "Voroud" {Reflect Regen+ Int+2 SH+5}
HPRegen 1.23/turn               Z - ring of Onwyz {rPois rF+}
MPRegen 0.34/turn               m - ring "Lausio" {Wiz rN++ Will- Slay+4}

@: flying, studying Invocations
A: powered by pain 3, torment resistance 1, sharp scales 3, demonic magic 3,
demonic willpower, demonic touch 3, clumsy 1, teleportitis 1, weak 1, evolution
1, subdued magic 1, inability to drink after injury 1
0: Orb of Zot
}: 5/15 runes: barnacled, slimy, silver, abyssal, gossamer
a: Renounce Religion


You escaped.
You worshipped Vehumet.
Vehumet was exalted by your worship.
You visited 11 branches of the dungeon, and saw 53 of its levels.
You visited the Abyss 1 time.
You also visited: Trove, Bailey, Gauntlet, Ice Cave, Wizlab and Desolation.

You collected 8768 gold pieces.
You spent 4741 gold pieces at shops.

Inventory:

Hand Weapons
 a - a +7 demon trident of freezing
   (You bought it in a shop on level 9 of the Dungeon)
 z - the +7 sceptre of Torment {pain, torment}
   (You found it on level 5 of the Pits of Slime)

   In the hands of one skilled in necromantic magic, it inflicts extra damage on
   living creatures.
   It occasionally torments all nearby living foes when it strikes in combat.
 A - the +0 staff of Battle
   (You found it on level 5 of the Pits of Slime)

   It enhances your conjuration magic.
   It summons a battlesphere in combat, with strength depending on Conjurations
   skill.
   Its strikes trigger the battlesphere's blasts.
Armour
 f - a +2 kite shield of cold resistance
   (You found it in an ice cave)
 g - a scarf of resistance (worn)
   (You found it in a Gauntlet)
 k - the +2 helmet "Qaviylia" (worn) {Fly rElec rC+ Slay+2}
   (You found it on level 3 of the Elven Halls)

   Slay:      It affects your accuracy & damage with ranged weapons and melee
   (+2).
   rC:        It protects you from cold.
   rElec:     It insulates you from electricity.
   Fly:       It grants you flight.
 y - the +5 kite shield "Fuugrouq" (worn) {Will+}
   (You found it in the Desolation of Salt)

   Will:      It increases your willpower.
 E - the +1 troll leather armour of Time Monsters {Will+ Regen+}
   (You bought it in a shop on level 2 of the Orcish Mines)

   Regen:     It increases your rate of health regeneration.
   Will:      It increases your willpower.
 M - a +1 pair of boots of rampaging (worn)
   (You found it on level 4 of the Spider Nest)
 P - the +1 cloak of Starlight {*Dazzle EV+4 Stlth--}
   (You found it in a wizard's laboratory)

   It may blind those who miss an attack against the wearer in melee combat.
   EV:        It affects your evasion (+4).
   Stlth:     It makes you much less stealthy.
 W - the +2 faerie dragon scales (worn) {rCorr MP+9 Str+5}
   (You took it off the Enchantress on level 4 of the Depths)

   Str:       It affects your strength (+5).
   MP:        It affects your magic capacity (+9).
   rCorr:     It protects you from acid and corrosion.
Magical Staves
 b - a staff of fire (weapon)
   (You took it off a deep elf annihilator on level 3 of the Elven Halls)
 w - a staff of conjuration {!a}
   (You found it on level 1 of the Spider Nest)
Jewellery
 d - the ring "Jix Pipn" {rN+ Str+6 Dex+2}
   (You found it in a treasure trove)

   [ring of strength]

   Str:       It affects your strength (+6).
   Dex:       It affects your dexterity (+2).
   rN:        It protects you from negative energy.
 h - the ring of Xom's Full Attention {Contam rF+ Str+6 Dex+4}
   (You found it in a treasure trove)

   [ring of strength]

   Str:       It affects your strength (+6).
   Dex:       It affects your dexterity (+4).
   rF:        It protects you from fire.
   Contam:    It causes magical contamination when unequipped.
 i - the amulet "Seoskor" {RegenMP Fragile rElec rCorr Dex-3}
   (You found it in a treasure trove)

   [amulet of magic regeneration]

   It increases your rate of magic regeneration.
   Dex:       It affects your dexterity (-3).
   rElec:     It insulates you from electricity.
   rCorr:     It protects you from acid and corrosion.
   Fragile:   It will be destroyed if unequipped.
 m - the ring "Lausio" (right hand) {Wiz rN++ Will- Slay+4}
   (You found it in a bailey)

   [ring of wizardry]

   It improves your spell success rate.
   Slay:      It affects your accuracy & damage with ranged weapons and melee
   (+4).
   rN:        It greatly protects you from negative energy.
   Will:      It decreases your willpower.
 v - the amulet "Haodwal" {Reflect Dex+3 SH+5 Stlth+}
   (You found it on level 14 of the Dungeon)

   [amulet of reflection]

   It reflects blocked missile attacks.
   Dex:       It affects your dexterity (+3).
   SH:        It affects your SH (+5).
   Stlth:     It makes you more stealthy.
 B - a ring of see invisible
   (You bought it in a shop on level 9 of the Dungeon)
 C - a ring of fire
   (You found it on level 7 of the Dungeon)
 H - the amulet "Voroud" (around neck) {Reflect Regen+ Int+2 SH+5}
   (You bought it in a shop on level 1 of the Vaults)

   [amulet of reflection]

   It reflects blocked missile attacks.
   Int:       It affects your intelligence (+2).
   Regen:     It increases your rate of health regeneration.
   SH:        It affects your SH (+5).
 K - the amulet "Guicem" {RegenMP rPois rN+ Str+4}
   (You found it in a treasure trove)

   [amulet of magic regeneration]

   It increases your rate of magic regeneration.
   Str:       It affects your strength (+4).
   rPois:     It protects you from poison.
   rN:        It protects you from negative energy.
 L - a ring of protection from cold
   (You found it on level 1 of the Lair of Beasts)
 Q - the ring of Jocw {*Slow rElec rF+++ Will- rCorr}
   (You took it off an ironbound preserver on level 5 of the Vaults)

   [ring of resist corrosion]

   rF:        It renders you almost immune to fire.
   rElec:     It insulates you from electricity.
   rCorr:     It protects you from acid and corrosion.
   *Slow:     It may slow you when you take damage.
   Will:      It decreases your willpower.
 Y - the amulet of the Three Beasts {*Slow Regen+ rCorr Int+5 Slay+2}
   (You found it on level 5 of the Pits of Slime)

   [amulet of regeneration]

   Int:       It affects your intelligence (+5).
   Slay:      It affects your accuracy & damage with ranged weapons and melee
   (+2).
   Regen:     It increases your rate of health regeneration.
   rCorr:     It protects you from acid and corrosion.
   *Slow:     It may slow you when you take damage.
 Z - the ring of Onwyz (left hand) {rPois rF+}
   (You found it in the Desolation of Salt)

   [ring of poison resistance]

   rF:        It protects you from fire.
   rPois:     It protects you from poison.
Wands
 o - a wand of quicksilver (23)
   (You found it on level 3 of the Spider Nest)
 O - a wand of digging (26)
   (You found it on level 15 of the Dungeon)
Scrolls
 e - 11 scrolls of fear
 q - a scroll of torment {!r}
 r - 4 scrolls of teleportation {@r4}
 s - 20 scrolls of vulnerability {!r}
 x - 9 scrolls of poison {!r}
 D - 8 scrolls of enchant armour
 F - 3 scrolls of summoning
 G - 11 scrolls of butterflies
 R - a scroll of blinking
 U - 5 scrolls of brand weapon
 X - 4 scrolls of immolation {!r}
Potions
 l - 4 potions of lignification {!q}
 n - 3 potions of might
 p - 7 potions of brilliance
 t - 12 potions of mutation {!q}
 u - 26 potions of curing {@q1}
 I - a potion of resistance
 J - 3 potions of cancellation
 N - 2 potions of invisibility
 S - 7 potions of ambrosia
Miscellaneous
 j - a condenser vane
   (You found it in a Gauntlet)
 T - a phantom mirror
   (You found it on level 1 of the Elven Halls)


   Skills:
 + Level 14.9 Fighting
 - Level 14.0 Polearms
 - Level 5.8 Armour
 + Level 14.4 Dodging
 - Level 1.7 Stealth
 - Level 15.0 Shields
 + Level 19.3 Spellcasting
 + Level 23.9 Conjurations
 - Level 1.0 Summonings
 * Level 11.9 Necromancy
 - Level 0.8 Translocations
 - Level 21.7 Fire Magic
 - Level 5.0 Poison Magic


You had 13 spell levels left.
You knew the following spells:

 Your Spells              Type           Power      Damage    Failure   Level
a - Ignition              Fire           51%        3d14      1%          8
b - Fire Storm            Conj/Fire      52%        8d13      3%          9
c - Mephitic Cloud        Conj/Pois/Air  55%        N/A       1%          3
d - Starburst             Conj/Fire      52%        6d14      1%          6
e - Fireball              Conj/Fire      52%        3d20      0%          5
f - Orb of Destruction    Conj           43%        9d12      1%          7
g - Iron Shot             Conj/Erth      30%        9d6       1%          6
h - Death Channel         Necr           30%        N/A       1%          6

Your spell library contained the following spells:

 Spells                   Type           Power      Damage    Failure   Level
 Foxfire                  Conj/Fire      100%       2x1d9     0%          1
 Magic Dart               Conj           100%       1d8       0%          1
 Necrotise                Necr           100%       1d9       0%          1
 Scorch                   Fire           100%       2d10      0%          2
 Searing Ray              Conj           100%       2d8       0%          2
 Static Discharge         Conj/Air       61%        3-11/arc  0%          2
 Sublimation of Blood     Necr           61%        N/A       0%          2
 Conjure Flame            Conj/Fire      100%       6-21      0%          3
 Flame Wave               Conj/Fire      100%       2d21      0%          4
 Sticky Flame             Conj/Fire      100%       2d11      0%          4
 Apportation              Tloc           44%        N/A       1%          1
 Beastly Appendage        Tmut           38%        N/A       1%          1
 Sandblast                Erth           38%        2d10      1%          1
 Slow                     Hex            76%        N/A       1%          1
 Sting                    Tmut/Pois      100%       1d8       1%          1
 Blink                    Tloc           44%        N/A       1%          2
 Call Imp                 Summ           23%        N/A       1%          2
 Ensorcelled Hibernation  Hex/Ice        38%        N/A       1%          2
 Passwall                 Tmut/Erth      15%        N/A       1%          2
 Poisonous Vapours        Pois/Air       58%        N/A       1%          2
 Dazzling Flash           Conj/Hex       100%       N/A       1%          3
 Frozen Ramparts          Ice            38%        1d6       1%          3
 Ignite Poison            Fire/Tmut/Pois 70%        N/A       1%          3
 Inner Flame              Hex/Fire       76%        N/A       1%          3
 Spider Form              Tmut/Pois      29%        N/A       1%          3
 Stone Arrow              Conj/Erth      100%       3d13      1%          3
 Vampiric Draining        Necr           61%        2d10      1%          3
 Anguish                  Hex/Necr       21%        N/A       1%          4
 Animate Dead             Necr           61%        N/A       1%          4
 Corpse Rot               Necr/Pois/Air  41%        N/A       1%          4
 Dispel Undead            Necr           61%        3d21      1%          4
 Fulminant Prism          Conj/Hex       30%        3d16      1%          4
 Hailstorm                Conj/Ice       61%        3d13      1%          4
 Iskenderun's Mystic Bla  Conj/Tloc      62%        2d13      1%          4
 Olgreb's Toxic Radiance  Pois           39%        N/A       1%          4
 Agony                    Necr           61%        N/A       1%          5
 Irradiate                Conj/Tmut      30%        3d21      1%          5
 Lightning Bolt           Conj/Air       30%        1d47      1%          5
 Call Canine Familiar     Summ           23%        N/A       2%          3
 Gell's Gravitas          Tloc           22%        N/A       2%          3
 Lesser Beckoning         Tloc           22%        N/A       2%          3
 Teleport Other           Tloc           22%        N/A       2%          3
 Spellforged Servitor     Conj/Summ      31%        N/A       2%          7
 Portal Projectile        Hex/Tloc       42%        N/A       3%          3
 Summon Guardian Golem    Hex/Summ       21%        N/A       3%          3
 Borgnjor's Vile Clutch   Necr/Erth      21%        N/A       3%          5
 Ozocubu's Armour         Ice            19%        N/A       4%          3
 Swiftness                Air            19%        N/A       4%          3
 Tukima's Dance           Hex            19%        N/A       4%          3
 Passage of Golubria      Tloc           22%        N/A       10%         4
 Animate Armour           Summ/Erth      42%        N/A       12%         4
 Summon Ice Beast         Ice/Summ       21%        N/A       12%         4
 Yara's Violent Unravell  Hex/Tmut       9%         3d6       12%         5
 Cause Fear               Hex            9%         N/A       14%         4
 Ice Form                 Ice/Tmut       19%        N/A       14%         4
 Leda's Liquefaction      Hex/Erth       9%         N/A       14%         4
 Petrify                  Tmut/Erth      19%        N/A       14%         4
 Alistair's Intoxication  Tmut/Pois      19%        N/A       14%         5
 Eringya's Noxious Bog    Tmut/Pois      14%        N/A       21%         6
 Simulacrum               Ice/Necr       21%        N/A       21%         6
 Summon Forest            Summ/Tloc      11%        N/A       26%         5
 Manifold Assault         Tloc           22%        N/A       28%         5
 Summon Mana Viper        Hex/Summ       21%        N/A       32%         5
 Blade Hands              Tmut           9%         N/A       38%         5
 Metabolic Englaciation   Hex/Ice        9%         N/A       38%         5
 Borgnjor's Revivificati  Necr           30%        N/A       58%         8
 Infestation              Necr           30%        N/A       58%         8
 Summon Cactus Giant      Summ           11%        N/A       80%         6
 Statue Form              Tmut/Erth      12%        N/A       89%         6
 Chain Lightning          Conj/Air       30%        3d40      90%         9
 Ozocubu's Refrigeration  Ice            9%         4d9       92%         7
 Maxwell's Capacitive Co  Air            9%         ∞         99%         8
 Shatter                  Erth           9%         3d11*     99%         9
 Malign Gateway           Summ/Tloc      11%        N/A       100%        7
 Monstrous Menagerie      Summ           11%        N/A       100%        7
 Summon Hydra             Summ           11%        N/A       100%        7
 Discord                  Hex            9%         N/A       100%        8
 Disjunction              Tloc           11%        N/A       100%        8
 Necromutation            Tmut/Necr      21%        N/A       100%        8
 Summon Horrible Things   Summ           11%        N/A       100%        8
 Death's Door             Necr           30%        N/A       100%        9
 Dragon's Call            Summ           11%        N/A       100%        9


Dungeon Overview and Level Annotations

Branches:
Dungeon (15/15)            Temple (1/1) D:4            Lair (5/5) D:10
 Shoals (4/4) Lair:2       Spider (4/4) Lair:2        Slime (5/5) Lair:5
    Orc (2/2) D:9             Elf (3/3) Orc:2        Vaults (5/5) D:13
 Depths (4/4) D:15            Zot (5/5) Depths:4     Bailey (visited)
  IceCv (visited)          WizLab (visited)         Desolation (visited)
Gauntlet (visited)
  Crypt: Vaults:2-3

Altars:
Ashenzari
Cheibriados
Dithmenos
Fedhas
Gozag
Hepliaklqana
Kikubaaqudgha
Makhleb
Nemelex Xobeh
Okawaru
Qazlal
Ru
Sif Muna
Trog
Uskayaw
Vehumet
Wu Jian
Xom
Yredelemnul

Shops:
D:3 (   D:5 [   D:9 *((=   D:11 [   Orc:1 ?!   Orc:2 ?!=[   Vaults:1 *(*
Vaults:3 !   Vaults:4 :[:[*   Depths:3 !   Depths:4 =

Portals:
Hell: Depths:1 Depths:2 Depths:3 Depths:4
Abyss: Depths:2 Depths:3
Pandemonium: Orc:2 Depths:1 Depths:2
Ziggurat: Depths:2

Annotations:
Shoals:2 2 transporters, exclusion: orange crystal statue
Spider:4 Arachne
Elf:1 1 runed translucent door
Elf:2 Roxanne


Innate Abilities, Weirdness & Mutations

You are powered by pain.
You are resistant to unholy torment.
You are completely covered in razor-sharp scales. (AC +3, Slay +3)
Spells you cast and wands you use may paralyse nearby enemies.
You punish those that try to bend your will. (Will+)
Your touch may irresistibly damage your foes and sap their willpower.
You are clumsy. (Dex -2)
You are occasionally teleported next to monsters.
You are weak. (Str -2)
You have hidden genetic potential.
Your spells are a little easier to cast, but a little less powerful.
You occasionally lose the ability to drink potions when taking damage.


Message History

(D) Dungeon (T) Temple (L) Lair (A) Shoals (N) Spider Nest (M) Slime Pits (O) Orcish Mines (E) Elven Halls (V) Vaults (U) Depths (H) Hell (Z) Zot
Where to? (Enter - D:1, ? - help) 3 hell hogs come into view.
The hell hog squeals angrily.
There is a stone staircase leading up here.
You fly upwards.
There is a stone staircase leading down here.
(D) Dungeon (T) Temple (L) Lair (A) Shoals (N) Spider Nest (M) Slime Pits (O) Orcish Mines (E) Elven Halls (V) Vaults (U) Depths (H) Hell (Z) Zot
Where to? (Enter - D:1, ? - help)
There is a stone staircase leading up here.
You fly upwards.
There is a stone staircase leading down here.
You see here 5 stones.
You see here a +0 sling.
There is an open door here.
There is an open door here.
There is an open gate here.
A hellwing comes into view.
You hit the plant!
The plant begins to die.
You burn the plant.
A hellwing comes into view.
The hellwing gives a chilling moan.
You rampage towards the hellwing!
You block the hellwing's attack. The hellwing barely misses you.
You block the hellwing's attack. The hellwing closely misses you.
A blizzard demon comes into view.
A nearby plant withers and dies.
The hellwing completely misses you. You block the hellwing's attack.
The hellwing attacks as you move away! The hellwing closely misses you.
You block the hellwing's attack. The hellwing attacks as you move away!
You block the hellwing's attack.
The hellwing hits you but does no damage.
The hellwing attacks as you move away! You block the hellwing's attack. x2
The blizzard demon waves its arms in wide circles.
The air twists around and strikes you! The hellwing attacks as you move away!
You block the hellwing's attack. x2
The hellwing attacks as you move away! You block the hellwing's attack. x2
The blizzard demon waves its arms in wide circles.
The air twists around and strikes you!
The hellwing swoops through the air toward you!
You block the hellwing's attack. x2
You closely miss the hellwing. The hellwing barely misses you.
You block the hellwing's attack. The hellwing closely misses you.
The hellwing hits you but does no damage.
There is a staircase leading out of the dungeon here.
You have escaped!

#####################
≈≈≈≈≈≈≈≈≈≈≈≈≈≈≈≈≈≈≈≈≈
≈≈≈≈≈≈≈≈≈≈≈≈≈≈≈≈≈≈♣
≈≈≈≈≈≈≈≈~~≈≈≈≈≈≈≈≈♣
###
≈≈≈≈≈≈~~≈..~≈..♣♣♣
##.######
≈≈≈≈≈~...........♣
##........
≈≈≈~~............♣
##.....####
≈≈≈≈.........24.P♣
#.......# #
≈≈~....P.♣....4♣@♣
#......## #
≈≈≈~..........♣♣♣♣
#.#...## #
≈≈~......♣P.P.♣
####.## #
≈≈~.....♣###### ###
### # ≈~~~....P#.#
#.# # ≈≈.......#.#
##'## ###
≈~~.....P#.# ##...##
#.. ≈≈≈~....♣#.###
##.....## #..
≈≈~~....♣#.#.##
##.......## #..


You could see a blizzard demon and a hellwing.

Vanquished Creatures
  the Royal Jelly (Slime:5)
  A dread lich (Vaults:5)
  Mennas (Depths:4)
  6 orbs of fire
  An ancient lich (Zot:5)
  A juggernaut (Depths:2)
  A Killer Klown (Zot:5)
  Margery (Depths:4)
  the Enchantress (Depths:4)
  2 bone dragons
  6 golden dragons
  2 electric golems
  A Tzitzimitl (Zot:1)
  3 liches
  A Hell Sentinel (Zot:1)
  2 deep elf blademasters (Elf:3)
  3 quicksilver dragons
  11 tentacled monstrosities
  4 titans (Vaults:5)
  A deep elf master archer (Elf:3)
  8 Orb Guardians
  24 acid blobs
  An eldritch tentacle (WizLab)
  9 tentacled starspawn
  5 sphinxes
  A kraken (Shoals:4)
  2 Executioners
  3 death cobs
  Kirke (D:15)
  10 storm dragons
  An azure jelly (shapeshifter) (Vaults:5)
  9 shadow dragons
  2 draconian knights (Depths:4)
  12 azure jellies
  13 rockslimes
  7 tengu reavers
  17 vault wardens
  8 fire giants
  11 deep elf sorcerers
  2 imperial myrmidons (Desolation)
  24 frost giants
  The ghost of Apno Qen the Scorcher, a journeyman DrFE of Hepliaklqana (D:14)
  2 emperor scorpions
  2 orc warlords (Vaults:3)
  An angel (Abyss:2)
  2 draconian shifters (Zot:1)
  2 draconian scorchers
  3 draconian stormcallers
  9 ghost moths
  4 deep elf elementalists (Elf:3)
  2 draconian annihilators
  3 war gargoyles
  4 spriggan defenders
  15 ironbound preservers
  A reaper (WizLab)
  A broodmother (Spider:4)
  33 very ugly things
  12 stone giants
  9 quicksilver oozes
  2 starflowers (Abyss:3)
  2 vampire knights (Depths:4)
  5 green draconians
  3 black draconians
  3 ironbound thunderhulks
  8 deep elf demonologists
  An entropy weaver (shapeshifter) (D:15)
  A lorocyproca (Depths:2)
  2 halazid warlocks (Desolation)
  7 entropy weavers
  4 minotaurs
  4 purple draconians
  4 white draconians
  2 yellow draconians
  5 red draconians
  A dire elephant (Gauntlet)
  14 deep elf annihilators
  8 spark wasps
  13 ettins
  A green death (D:7)
  3 crystal guardians
  Josephine (D:12)
  6 deep elf death magi
  13 great orbs of eyes
  18 yaktaur captains
  3 merfolk impalers
  7 fire dragons
  11 ragged hierophants (Desolation)
  A merfolk javelineer (Shoals:3)
  13 ice dragons
  3 deep elf high priests (Elf:3)
  13 servants of whispers (Desolation)
  7 rakshasas
  6 boulder beetles
  14 peacekeepers
  37 vault guards
  An ogre mage (D:15)
  6 spriggan air magi
  A death knight (D:15)
  6 radroaches
  5 ironbound frosthearts
  7 hydras
  3 jorogumos (Spider:4)
  3 merfolk avatars
  2 alligator snapping turtles (Shoals:4)
  2 catoblepae (Lair:4)
  A demonspawn (Orc:2)
  9 centaur warriors
  A merfolk aquamancer (Shoals:2)
  15 satyrs (Shoals:4)
  9 death yaks
  22 dancing weapons
  5 two-headed ogres
  7 deep troll shamans
  7 tengu warriors
  7 orc high priests
  4 vampire magi
  8 deep troll earth magi
  4 spriggan berserkers
  A titan zombie (Depths:2)
  Urug (D:12)
  Sonja (Orc:2)
  6 thrashing horrors
  2 sun demons
  6 iron trolls
  3 soul eaters
  25 deep elf knights
  6 hell knights (Depths:4)
  A bunyip zombie (Abyss:3)
  8 wretched stars
  Amaemon (D:11)
  A shadow wraith (D:14)
  A spark wasp zombie (Depths:2)
  14 pharaoh ants
  4 sixfirhies
  41 deep trolls
  8 sea snakes
  13 skeletal warriors
  A flayed ghost (D:14)
  A sun moth (Spider:2)
  An orb spider (shapeshifter) (Depths:2)
  A shadow demon (Zot:3)
  17 orb spiders
  3 steelbarb worms
  An obsidian statue (WizLab)
  12 phantasmal warriors
  8 glowing orange brains
  14 wizards
  2 swamp dragons
  7 lindwurms
  18 harpies
  7 orc knights
  6 deep elf archers
  19 ironbound convokers
  9 necromancers
  7 orc sorcerers
  36 deep elf pyromancers
  A fire giant zombie (Vaults:2)
  28 ugly things
  5 worldbinders
  29 deep elf zephyrmancers
  15 manticores
  7 wolf spider zombies (Spider:3)
  4 oklob plants
  20 wolf spiders
  12 fauns
  A tengu skeleton (WizLab)
  A frost giant zombie (Depths:2)
  9 cyclopes
  7 shining eyes
  2 sphinx skeletons
  22 moths of wrath
  3 water nymphs
  2 guardian serpents (Desolation)
  An iron dragon skeleton (Vaults:2)
  14 merfolk sirens
  2 rust devils (Depths:2)
  3 eyes of devastation
  A frost giant skeleton (Vaults:3)
  12 elephants
  18 vault sentinels
  2 ice statues (IceCv)
  4 black mambas
  A gargoyle (Bailey)
  2 molten gargoyles (Desolation)
  5 orange demons
  A cane toad (shapeshifter) (Depths:2)
  8 torpor snails
  7 cane toads
  A smoke demon (WizLab)
  Psyche (D:11)
  9 komodo dragons
  5 freezing wraiths
  4 unseen horrors
  2 rime drakes
  8 demonic crawlers
  4 efreet
  40 yaktaurs
  2 ice devils
  3 redback zombies (Spider:3)
  A tormentor (WizLab)
  A golden dragon simulacrum (Depths:2)
  An anaconda simulacrum (IceCv)
  5 human skeletons (Vaults:3)
  A queen bee (shapeshifter) (D:14)
  17 merfolk
  2 elf skeletons
  A yaktaur skeleton (Vaults:3)
  An ancient zyme (Abyss:3)
  9 hellwings
  9 meliai
  A meliai (shapeshifter) (D:14)
  2 red devils (Abyss:2)
  11 hornets
  7 polar bears
  A polar bear (shapeshifter) (D:15)
  A slime creature (shapeshifter) (Vaults:5)
  82 saltlings (Desolation)
  5 wind drakes
  5 trolls
  A tengu simulacrum (Vaults:2)
  A tarantella (shapeshifter) (D:13)
  29 blink frogs
  9 tarantella zombies (Spider:3)
  9 snapping turtles
  A dream sheep (shapeshifter) (Vaults:5)
  3 dream sheep (Shoals:3)
  31 tarantellas
  8 culicivora zombies (Spider:3)
  2 raiju
  137 slime creatures
  6 air elementals
  Sigmund (D:5)
  20 small abominations
  28 starcursed masses
  37 yaks
  46 jumping spiders
  4 vampires
  A dire elephant simulacrum (IceCv)
  2 centaur simulacra (Gauntlet)
  27 culicivoras
  15 water elementals
  13 wraiths
  4 fire elementals
  2 ynoxinuls
  Eustachio (D:4)
  A basilisk (Lair:5)
  A wyvern (shapeshifter) (Vaults:4)
  22 spriggans
  A steam dragon (D:10)
  A wyvern (Lair:2)
  19 humans
  7 golden eyes
  3 vampire mosquitoes (D:11)
  A steam dragon (shapeshifter) (Vaults:5)
  17 large abominations
  6 chaos spawn
  4 neqoxecs
  51 redbacks
  3 spatial vortices (WizLab)
  A glowing shapeshifter zombie (Vaults:2)
  3 acid dragons
  11 water moccasins
  An ogre skeleton (Vaults:3)
  37 orc warriors
  4 black bears
  A meliai simulacrum (Gauntlet)
  A sky beast (D:7)
  8 ogres
  A black bear (shapeshifter) (D:14)
  10 boggarts
  19 wolves (Lair:5)
  19 centaurs
  Blork the orc (D:5)
  3 kobold brigands
  2 earth elementals
  9 bullfrogs
  A gnoll sergeant (D:8)
  3 scorpions
  2 cane toad simulacra (IceCv)
  5 wights (Abyss:2)
  A hornet simulacrum (Gauntlet)
  14 killer bees
  5 howler monkeys
  2 wolf zombies (Bailey)
  7 vampire bats (Bailey)
  4 electric eels
  A crimson imp (Abyss:2)
  9 hounds
  2 jellies (D:6)
  An iron imp (Abyss:2)
  40 orc priests
  A gnoll bouda (D:6)
  9 iguanas
  23 orc wizards
  3 yak simulacra (Lair:3)
  2 polar bear simulacra (Lair:3)
  7 hell rats (Lair:1)
  5 wolf simulacra
  9 gnolls
  17 orc zombies (Bailey)
  7 adders
  A shadow imp (D:5)
  7 white imps
  6 ufetubi
  2 dart slugs
  106 orcs
  6 bats
  4 endoplasms
  A giant cockroach (D:2)
  6 goblins
  9 hobgoblins
  13 kobolds
  3 quokkas
  9 ball pythons
  8 frilled lizards
  4 rats
  2 river rat simulacra (Lair:3)
  A butterfly (Lair:5)
  2 lurking horrors (Abyss:3)
  7 starspawn tentacles
  A tentacle (Shoals:4)
2595 creatures vanquished.

Vanquished Creatures (collateral kills)
  An ancient lich (Zot:5)
  A Killer Klown (Zot:5)
  A golden dragon (Zot:5)
  A bone dragon (Abyss:3)
  9 Orb Guardians (Zot:5)
  2 acid blobs (Slime:5)
  A cacodemon (D:8)
  An iron dragon (Zot:2)
  A very ugly thing (Abyss:3)
  A white draconian (Zot:1)
  A yellow draconian (Depths:4)
  An ettin (Depths:1)
  An ice dragon (Zot:2)
  A dancing weapon (Elf:1)
  A necromancer (Depths:2)
  An ugly thing (Depths:3)
  A killer bee (D:8)
26 creatures vanquished.

Vanquished Creatures (others)
  A boulder beetle (D:14)
  A wizard (D:13)
  A vault sentinel (Vaults:5)
  A saltling (Desolation)
  3 humans (D:15)
  An ogre (D:15)
  An electric eel (Lair:2)
  An orc wizard (D:5)
  A demonic plant (Abyss:3)
  150 fire vortices
  95 fungi
  130 plants
  3 starspawn tentacles (Abyss:3)
  14 tentacles (Shoals:4)
  3 withered plants (Desolation)
406 creatures vanquished.

Grand Total: 3027 creatures vanquished

Notes
Turn   | Place    | Note
-------+----------+-------------------------------------------
     0 | D:1      | GeoRichter the Demonspawn Hedge Wizard began the quest for
                  | the Orb.
     0 | D:1      | Reached XP level 1. HP: 13/13 MP: 4/4
     6 | D:1      | You fall into a shaft and drop 1 floor!
   576 | D:2      | Gained mutation: Spells you cast may paralyse adjacent
                  | enemies. [demonic ancestry]
   576 | D:2      | Reached XP level 2. HP: 19/19 MP: 1/6
   724 | D:2      | Reached skill level 2 in Conjurations
  1736 | D:1      | Gained mutation: You sometimes gain a little power by
                  | taking damage. [demonic ancestry]
  1736 | D:1      | Reached XP level 3. HP: 24/24 MP: 5/7
  2377 | D:3      | Learned a level 3 spell: Conjure Flame
  2498 | D:3      | Found a sacrificial altar of Ru.
  2679 | D:3      | Found Kilirat's Weapon Shoppe.
  3041 | D:4      | Found a shimmering altar of Xom.
  3070 | D:4      | Reached skill level 1 in Fire Magic
  3165 | D:4      | Identified the +2 robe of the Boiling Point {-Tele +Inv
                  | Str+4}
  3208 | D:4      | Reached skill level 3 in Conjurations
  3208 | D:4      | Gained mutation: Your touch may inflict minor irresistible
                  | damage on your foes. [demonic ancestry]
  3208 | D:4      | Reached XP level 4. HP: 30/30 MP: 2/9
  3489 | D:4      | Noticed an orc warrior
  3506 | D:4      | Killed an orc warrior
  3507 | D:4      | Reached XP level 5. HP: 7/35 MP: 8/10
  3524 | D:4      | Reached skill level 4 in Conjurations
  3846 | D:4      | Reached XP level 6. HP: 41/41 MP: 5/12
  3919 | D:4      | Noticed Eustachio
  4131 | D:4      | Found a staircase to the Ecumenical Temple.
  4140 | Temple   | Entered the Ecumenical Temple
  4255 | Temple   | Became a worshipper of Vehumet
  4677 | D:5      | Entered Level 5 of the Dungeon
  4795 | D:5      | Noticed Blork the orc
  4804 | D:5      | Killed Blork the orc
  4913 | D:5      | Reached skill level 5 in Conjurations
  4913 | D:5      | Gained mutation: Your touch may inflict irresistible damage
                  | on your foes. [demonic ancestry]
  4913 | D:5      | Reached XP level 7. HP: 34/46 MP: 2/13
  5180 | D:5      | Noticed Sigmund
  5188 | D:5      | Learned a level 3 spell: Mephitic Cloud
  5294 | D:5      | Reached skill level 1 in Poison Magic
  5351 | D:5      | Found Egirite's Antique Armour Shoppe.
  5568 | D:5      | Found a shadowy altar of Dithmenos.
  5650 | D:5      | Killed Sigmund
  5777 | D:5      | Found an opulent altar of Gozag.
  5802 | D:5      | Identified the +8 battleaxe of the Onslaught {vamp, rF+
                  | Dex+2}
  6053 | D:4      | Killed Eustachio
  6054 | D:4      | Gained mutation: You sometimes gain power by taking damage.
                  | [demonic ancestry]
  6054 | D:4      | Reached XP level 8. HP: 52/52 MP: 10/15
  6159 | D:6      | Reached skill level 6 in Conjurations
  6259 | D:6      | Reached skill level 5 in Spellcasting
  6259 | D:6      | Reached skill level 5 in Fire Magic
  6843 | D:6      | Identified the +2 scale mail "Rahaas" {rPois SInv}
  6972 | D:6      | Found a broken altar of Ashenzari.
  7132 | D:6      | Reached * piety under Vehumet
  7132 | D:6      | Offered knowledge of Freeze by Vehumet.
  7477 | D:7      | Reached skill level 7 in Conjurations
  7552 | D:7      | Reached XP level 9. HP: 52/57 MP: 17/17
  8358 | D:7      | Reached skill level 5 in Poison Magic
  8813 | D:7      | Learned a level 6 spell: Starburst
  8916 | D:8      | Reached skill level 8 in Conjurations
  8986 | D:8      | Found a shimmering blue altar of Sif Muna.
  9177 | D:8      | Reached ** piety under Vehumet
  9184 | D:8      | Offered knowledge of Poisonous Vapours by Vehumet.
  9210 | D:8      | Identified the +4 sling of Plog {venom, Str+6}
  9371 | D:8      | Noticed a komodo dragon
  9917 | D:8      | Noticed a gargoyle
 10051 | D:8      | Killed a komodo dragon
 10052 | D:8      | Gained mutation: Your touch may irresistibly damage your
                  | foes and sap their willpower. [demonic ancestry]
 10052 | D:8      | Reached XP level 10. HP: 63/63 MP: 13/19
 10207 | D:8      | Learned a level 5 spell: Fireball
 10367 | D:9      | Found Veitz's Jewellery Emporium.
 10377 | D:9      | Offered knowledge of Stone Arrow by Vehumet.
 10451 | D:9      | Found Ziarhepp's Antique Weapon Boutique.
 10490 | D:9      | Reached skill level 9 in Conjurations
 10942 | D:9      | Found Yfiof's General Store.
 11150 | D:9      | Reached *** piety under Vehumet
 11474 | D:9      | Found Ceihemica's Weapon Shop.
 11597 | D:9      | Found a staircase to the Orcish Mines.
 12019 | D:10     | Entered Level 10 of the Dungeon
 12222 | D:10     | Found a flagged portal.
 12312 | Bailey   | Entered a bailey
 12652 | Bailey   | Offered knowledge of Flame Wave by Vehumet.
 12928 | Bailey   | Identified the +2 robe "Rutezxel" {Str+6}
 13029 | Bailey   | Noticed a gargoyle
 13034 | Bailey   | Killed a gargoyle
 13214 | Bailey   | Identified the +0 robe of the Monkey's Uncle {rElec}
 13269 | Bailey   | Identified the ring "Lausio" {Wiz rN++ Will- Slay+4}
 13426 | D:10     | Reached skill level 10 in Conjurations
 13456 | D:10     | Reached **** piety under Vehumet
 13576 | D:10     | Found a staircase to the Lair.
 14242 | Lair:1   | Entered Level 1 of the Lair of Beasts
 14252 | Lair:1   | Offered knowledge of Frozen Ramparts by Vehumet.
 14355 | Lair:1   | Reached skill level 1 in Shields
 14355 | Lair:1   | Reached XP level 11. HP: 44/69 MP: 13/22
 14563 | Lair:1   | Reached skill level 1 in Fighting
 14972 | Lair:1   | Noticed an eight-headed hydra
 14978 | Lair:1   | Killed an eight-headed hydra
 16003 | Lair:2   | Noticed a five-headed hydra
 16249 | Lair:2   | Killed a five-headed hydra
 16894 | Lair:2   | Found a hole to the Spider Nest.
 17272 | Lair:2   | Reached skill level 5 in Shields
 17548 | Lair:2   | Found a staircase to the Shoals.
 17711 | Lair:3   | Noticed a death yak
 18231 | Lair:3   | Noticed a necromancer
 18234 | Lair:3   | Killed a necromancer
 18653 | Lair:3   | Reached skill level 5 in Fighting
 18729 | Lair:3   | Reached skill level 5 in Dodging
 18752 | Lair:3   | Gained mutation: Spells you cast may paralyse nearby
                  | enemies. [demonic ancestry]
 18752 | Lair:3   | Reached XP level 12. HP: 31/86 MP: 2/23
 18761 | Lair:3   | Noticed a death yak
 18762 | Lair:3   | Noticed a death yak
 18763 | Lair:3   | Noticed a death yak
 19061 | D:9      | Bought a runed demon trident for 522 gold pieces
 19193 | Lair:3   | Reached skill level 1 in Polearms
 19536 | Lair:3   | Reached ***** piety under Vehumet
 19655 | Lair:3   | Killed a death yak
 19665 | Lair:3   | Killed a death yak
 19665 | Lair:3   | Offered knowledge of Yara's Violent Unravelling by Vehumet.
 19665 | Lair:3   | Killed a death yak
 19666 | Lair:3   | Reached skill level 5 in Polearms
 19681 | Lair:3   | Killed a death yak
 20297 | Lair:4   | Noticed a catoblepas
 21183 | Lair:4   | Reached XP level 13. HP: 95/95 MP: 24/24
 21184 | Lair:4   | Gained mutation: You are partially covered in razor-sharp
                  | scales. (AC +1, Slay +1) [demonic ancestry]
 21184 | Lair:4   | Reached XP level 14. HP: 101/101 MP: 25/25
 21638 | Lair:5   | Entered Level 5 of the Lair of Beasts
 22315 | Lair:5   | Gained mutation: Spells you cast and wands you use may
                  | paralyse nearby enemies. [demonic ancestry]
 22315 | Lair:5   | Reached XP level 15. HP: 89/108 MP: 7/26
 22958 | Lair:5   | Reached skill level 1 in Armour
 23286 | Lair:5   | Offered knowledge of Eringya's Noxious Bog by Vehumet.
 23868 | Lair:5   | Found a runed translucent door.
 23870 | Lair:5   | Noticed an acid blob
 23929 | Lair:5   | Found a staircase to the Slime Pits.
 23942 | Lair:5   | Reached skill level 11 in Conjurations
 23946 | Lair:5   | Identified the +2 hat of the Land of Plenty {Harm *Slow
                  | Dex+3}
 24951 | Orc:1    | Entered Level 1 of the Orcish Mines
 25195 | Orc:2    | Entered Level 2 of the Orcish Mines
 25378 | Orc:2    | Found a staircase to the Elven Halls.
 25565 | Orc:2    | Noticed Sonja
 25593 | Orc:2    | Killed Sonja
 25696 | Orc:2    | Found a shimmering altar of Xom.
 25816 | Orc:2    | Found Rori's Distillery.
 25818 | Orc:2    | Found Satigid's Magic Scroll Shop.
 26053 | Orc:2    | Bought a potion of heal wounds for 75 gold pieces
 26053 | Orc:2    | Bought a potion of heal wounds for 75 gold pieces
 26053 | Orc:2    | Bought a potion of mutation for 120 gold pieces
 26055 | Orc:2    | Bought a scroll of teleportation for 30 gold pieces
 26055 | Orc:2    | Bought a scroll of enchant armour for 75 gold pieces
 26606 | Orc:2    | Paralysed by an orc sorcerer for 3 turns
 27232 | Orc:2    | Found Wariakhe's Jewellery Shoppe.
 27232 | Orc:2    | Found Itzigam's Antique Armour Emporium.
 27233 | Orc:2    | Found a one-way gate leading to the halls of Pandemonium.
 27289 | Orc:2    | Offered knowledge of Lightning Bolt by Vehumet.
 27374 | Orc:2    | Bought an ichor-stained troll leather armour for 660 gold
                  | pieces
 27374 | Orc:2    | Identified the +1 troll leather armour of Time Monsters
                  | {Will+ Regen+} (You bought it in a shop on level 2 of the
                  | Orcish Mines)
 27608 | Orc:2    | Reached skill level 12 in Conjurations
 27881 | Orc:1    | Found Izu Xete's Distillery.
 27891 | Orc:1    | Bought a potion of haste for 140 gold pieces
 28118 | Orc:1    | Found Paipug's Magic Scroll Boutique.
 28281 | Orc:1    | Bought a scroll of brand weapon for 133 gold pieces
 28578 | D:11     | Noticed Amaemon
 28585 | D:11     | Killed Amaemon
 28588 | D:11     | Found a frozen archway.
 28664 | IceCv    | Entered an ice cave
 28675 | IceCv    | Found a transporter.
 28688 | IceCv    | Found a transporter.
 28774 | IceCv    | Identified the +10 scale mail of Death's Door {+Blink rF+
                  | Str-2}
 28870 | D:11     | Found Bopij's Armour Emporium.
 29003 | D:11     | Noticed Psyche
 29010 | D:11     | Killed Psyche
 29600 | D:12     | Noticed Josephine
 29610 | D:12     | Killed Josephine
 29611 | D:12     | Reached XP level 16. HP: 115/118 MP: 4/28
 29941 | D:12     | Noticed Urug
 29954 | D:12     | Killed Urug
 31204 | D:13     | Found a gate to the Vaults.
 31249 | D:13     | Identified the +10 dagger "Xugiusess" {vorpal, rElec}
 32041 | D:14     | Found a shimmering altar of Xom.
 32457 | D:14     | Reached ****** piety under Vehumet
 32683 | D:14     | Offered knowledge of Irradiate by Vehumet.
 32799 | D:14     | Found a runed translucent gate.
 32800 | D:14     | Found a runed translucent gate.
 32800 | D:14     | Found a runed translucent gate.
 32803 | D:14     | Noticed Apno Qen's ghost (journeyman DrFE)
 33026 | D:14     | Killed Apno Qen's ghost
 33030 | D:14     | Identified the amulet "Haodwal" {Reflect Dex+3 SH+5 Stlth+}
 33147 | D:15     | Entered Level 15 of the Dungeon
 33195 | D:15     | Found a gate leading to a gauntlet.
 33209 | Gauntlet | Entered a Gauntlet
 33209 | Gauntlet | Found a transporter.
 33209 | Gauntlet | Found a transporter.
 33209 | Gauntlet | Found a runed translucent door.
 33209 | Gauntlet | Found a runed translucent door.
 33233 | Gauntlet | Found a transporter.
 33237 | Gauntlet | Found a transporter.
 33245 | Gauntlet | Found a transporter.
 33249 | Gauntlet | Found a transporter.
 33257 | Gauntlet | Found a transporter.
 33273 | Gauntlet | Found a transporter.
 33287 | Gauntlet | Found a transporter.
 33291 | Gauntlet | Found a transporter.
 33292 | Gauntlet | Found a runed translucent door.
 33302 | Gauntlet | Found a transporter.
 33303 | Gauntlet | Found a transporter.
 33355 | Gauntlet | Identified the +5 mace of Fuifaryv {drain, Will- Int+8
                  | Dex-3 Stlth+}
 33472 | Gauntlet | Identified the ring of Sawer {Ice Int-2 Dex-5 Slay+5 SInv}
 33549 | Gauntlet | Identified the +4 short sword of the Vulture {vamp, Str+2}
 34084 | D:15     | Reached skill level 10 in Fighting
 34142 | D:15     | Noticed Kirke
 34150 | D:15     | Killed Kirke
 34179 | D:15     | Reached skill level 10 in Spellcasting
 34578 | D:15     | Found a staircase to the Depths.
 34735 | D:15     | Gained mutation: You are mostly covered in razor-sharp
                  | scales. (AC +2, Slay +2) [demonic ancestry]
 34735 | D:15     | Reached XP level 17. HP: 122/128 MP: 25/31
 34975 | Spider:1 | Entered Level 1 of the Spider Nest
 35094 | Spider:1 | Offered knowledge of Orb of Destruction by Vehumet.
 35150 | Lair:2   | Learned a level 7 spell: Orb of Destruction
 35589 | Spider:1 | You fall into a shaft and drop 1 floor!
 36686 | Spider:2 | Reached skill level 10 in Dodging
 37296 | Spider:3 | Offered knowledge of Iron Shot by Vehumet.
 37352 | Spider:3 | Learned a level 6 spell: Iron Shot
 37519 | Spider:3 | Reached skill level 15 in Fire Magic
 37638 | Spider:2 | Learned a level 8 spell: Ignition
 38794 | Spider:4 | Entered Level 4 of the Spider Nest
 38803 | Spider:4 | Gained mutation: You are powered by pain. [demonic
                  | ancestry]
 38803 | Spider:4 | Reached XP level 18. HP: 130/136 MP: 5/33
 38927 | Spider:4 | Noticed Arachne
 39062 | Spider:4 | Offered knowledge of Spellforged Servitor by Vehumet.
 39424 | D:9      | Bought a ring of see invisible for 195 gold pieces
 40276 | Spider:4 | Reached skill level 13 in Conjurations
 40896 | Shoals:1 | Entered Level 1 of the Shoals
 41056 | Shoals:1 | Offered knowledge of Fire Storm by Vehumet.
 41056 | Shoals:1 | Offered knowledge of Chain Lightning by Vehumet.
 41056 | Shoals:1 | Offered knowledge of Maxwell's Capacitive Coupling by
                  | Vehumet.
 41318 | Shoals:1 | Identified the +0 chain mail of the Wasteland {Int+2}
 42119 | Shoals:2 | Found a transporter.
 42119 | Shoals:2 | Found a transporter.
 42970 | Shoals:3 | Reached skill level 10 in Shields
 43120 | Shoals:3 | Identified the +11 quarterstaff of Anxiety {venom, Contam
                  | +Blink rElec rC++}
 43773 | Shoals:4 | Entered Level 4 of the Shoals
 44173 | Shoals:4 | Gained mutation: You punish those that try to bend your
                  | will. (Will+) [demonic ancestry]
 44173 | Shoals:4 | Reached XP level 19. HP: 84/142 MP: 25/35
 44879 | Shoals:4 | Got a barnacled rune of Zot
 45544 | Elf:1    | Entered Level 1 of the Elven Halls
 45544 | Elf:1    | Found a runed translucent gate.
 45544 | Elf:1    | Found a runed translucent gate.
 45544 | Elf:1    | Found a runed translucent gate.
 45544 | Elf:1    | Found a runed translucent gate.
 45544 | Elf:1    | Found a runed translucent gate.
 45544 | Elf:1    | Found a runed translucent gate.
 45545 | Elf:1    | Found a runed translucent door.
 45549 | Elf:1    | Reached skill level 14 in Conjurations
 45554 | Elf:1    | Found a runed translucent door.
 45621 | Elf:1    | Paralysed by an air elemental for 1 turns
 46245 | Elf:1    | Found a shimmering blue altar of Sif Muna.
 46253 | Elf:1    | Paralysed by an air elemental for 1 turns
 47009 | Elf:2    | Got the Discourse on Blasting
 47285 | Elf:2    | Paralysed by an air elemental for 1 turns
 47368 | Elf:2    | Noticed Roxanne
 47615 | Elf:2    | Found a runed translucent gate.
 47616 | Elf:2    | Found a runed translucent gate.
 47616 | Elf:2    | Found a runed translucent gate.
 49104 | Elf:3    | Entered Level 3 of the Elven Halls
 49374 | Elf:3    | Reached XP level 20. HP: 149/149 MP: 29/37
 49384 | Elf:3    | Learned a level 9 spell: Fire Storm
 50082 | Elf:3    | Reached skill level 15 in Conjurations
 51334 | Elf:3    | Identified the +1 leather armour of the Constellations
                  | {Dex+2}
 52304 | Elf:3    | Got the Papyrus of the Geologist and Exhumation
 52306 | Elf:3    | Got the Monograph on Translocation and Leadership
 52337 | Elf:3    | Got the Collected Works on the Birds and Transmigration
 52339 | Elf:3    | Got the Anthology of Unstable Pestilence
 52343 | Elf:3    | Identified the +2 helmet "Qaviylia" {Fly rElec rC+ Slay+2}
 53635 | Spider:4 | Reached skill level 16 in Conjurations
 54300 | Spider:4 | Got a gossamer rune of Zot
 54665 | Vaults:1 | Entered Level 1 of the Vaults
 54726 | Vaults:1 | Found Teutwag's Weapon Emporium.
 54803 | Vaults:1 | Found a magical portal.
 54836 | WizLab   | Entered The Roulette of Golubria
 54836 | WizLab   | Found a transporter.
 54841 | WizLab   | Found a corrupted altar of Lugonu.
 54878 | WizLab   | Found a corrupted altar of Lugonu.
 54878 | WizLab   | Found a transporter.
 54919 | WizLab   | Found the +1 cloak of Starlight {*Dazzle EV+4 Stlth--}
 54936 | WizLab   | Found a transporter.
 54947 | WizLab   | Found a transporter.
 54980 | WizLab   | Found a transporter.
 55184 | WizLab   | Found a transporter.
 55184 | WizLab   | Found a transporter.
 55227 | WizLab   | Found a transporter.
 55246 | WizLab   | Found a transporter.
 55281 | WizLab   | Found a transporter.
 55281 | WizLab   | Found a transporter.
 55380 | WizLab   | Found a transporter.
 55454 | WizLab   | Found a transporter.
 55649 | WizLab   | Found a transporter.
 55754 | WizLab   | Found a transporter.
 55886 | WizLab   | Identified the +1 cloak of Patovoah {+Blink Str+3}
 55889 | WizLab   | Identified the +0 cloak of the Trees {Dex+7}
 55907 | WizLab   | Identified the +1 cloak of the First Snow {Harm *Slow rElec
                  | Int+3}
 55912 | WizLab   | Got the Anthology of the Tesseract
 55928 | WizLab   | Found a transporter.
 55928 | WizLab   | Found a transporter.
 56083 | WizLab   | Got Golubria's Precepts of Transposition
 56197 | WizLab   | Found a transporter.
 56386 | WizLab   | Found a transporter.
 56386 | WizLab   | Found a transporter.
 56863 | Vaults:1 | Found Ile Wuk's Assorted Antiques.
 56871 | Vaults:1 | Bought a scroll of enchant weapon for 225 gold pieces
 56871 | Vaults:1 | Bought an ancient pewter amulet for 150 gold pieces
 56871 | Vaults:1 | Identified the amulet "Voroud" {Reflect Regen+ Int+2 SH+5}
                  | (You bought it in a shop on level 1 of the Vaults)
 57369 | Vaults:1 | Identified the +2 scale mail "Laymoz" {-Cast rC+++ Str+9
                  | Int-3}
 57403 | Vaults:1 | Found Dynnucam's General Store.
 57410 | Vaults:1 | Bought a potion of haste for 220 gold pieces
 57581 | Vaults:1 | Bought a potion of brilliance for 88 gold pieces
 57581 | Vaults:1 | Bought a potion of invisibility for 176 gold pieces
 57982 | Vaults:2 | Reached XP level 21. HP: 120/155 MP: 28/39
 57986 | Vaults:2 | Reached skill level 17 in Conjurations
 59335 | Vaults:3 | Found Alotam's Distillery.
 59378 | Vaults:3 | Bought a potion of mutation for 104 gold pieces
 59378 | Vaults:3 | Bought 2 potions of curing for 78 gold pieces
 59378 | Vaults:3 | Bought a potion of curing for 39 gold pieces
 59378 | Vaults:3 | Bought a potion of heal wounds for 65 gold pieces
 59378 | Vaults:3 | Bought a potion of magic for 104 gold pieces
 59387 | Vaults:3 | Found a portal to a secret trove of treasure.
 59888 | Vaults:3 | Reached skill level 18 in Conjurations
 60032 | Vaults:3 | Identified the +0 chain mail "Vori" {rN+ Will+ Stlth+}
 60101 | Vaults:3 | Reached skill level 15 in Spellcasting
 60827 | Vaults:3 | Paralysed by a sphinx for 5 turns
 60848 | Vaults:3 | Reached skill level 19 in Conjurations
 60869 | Vaults:3 | Reached XP level 22. HP: 161/161 MP: 2/41
 61403 | Vaults:4 | Found Tiufen's Armour Emporium.
 61449 | Vaults:4 | Found a crumbling gateway.
 61457 | Desolati | Entered the Desolation of Salt
 61742 | Desolati | Identified the +0 robe of Feinac {*Corrode +Inv rPois
                  | Regen+}
 61836 | Desolati | Identified the ring of Onwyz {rPois rF+}
 61839 | Desolati | Identified the amulet "Kaobruy" {Spirit Str+7}
 61857 | Desolati | Got the Octavo of Altered Assembling
 61866 | Desolati | Identified the +1 robe of Zadoczom {rElec Int+3}
 61878 | Desolati | Identified the +9 glaive of Hepliaklqana {antimagic, rElec}
 61913 | Desolati | Identified the +10 quarterstaff of Trauma {freeze, rElec
                  | Dex+3}
 62103 | Desolati | Got Mara's Commentary on Mustering
 62341 | Desolati | Got Khufu's Collected Works on Ensnaring Despicable
                  | Mysteries
 62343 | Desolati | Identified the +11 falchion "Untaihos" {flame, rElec rPois
                  | Str-2 Int+4}
 62428 | Desolati | Identified the ring of Liberty {rElec rF- rN+ rCorr}
 62429 | Desolati | Reached skill level 20 in Conjurations
 62429 | Desolati | Identified the +0 scale mail of Vaxinac {Will+ Int+6 Dex-4}
 62516 | Desolati | Identified the +5 kite shield "Fuugrouq" {Will+}
 62523 | Desolati | Got Byiqutesumm's Meditations on Glamour and Wanderlust
 63058 | Vaults:4 | Found Hic Gungu's Armour Emporium.
 63092 | Vaults:4 | Found Hocea's Assorted Antiques.
 63100 | Vaults:4 | Bought a potion of invisibility for 288 gold pieces
 63100 | Vaults:4 | Bought a potion of magic for 288 gold pieces
 63100 | Vaults:4 | Bought a potion of brilliance for 144 gold pieces
 63102 | Vaults:4 | Found Pirphoy's Book Boutique.
 63767 | Vaults:4 | Found Licudaa's Book Emporium.
 64252 | Vaults:5 | Entered Level 5 of the Vaults
 64462 | Vaults:5 | Reached skill level 21 in Conjurations
 64462 | Vaults:5 | Reached XP level 23. HP: 86/167 MP: 28/43
 64902 | Vaults:5 | Identified the +10 chain mail "Luluran" {Will++}
 64914 | Vaults:5 | Got a silver rune of Zot
 65488 | Vaults:5 | Identified the ring of Jocw {*Slow rElec rF+++ Will- rCorr}
 65601 | Vaults:5 | Identified the +9 rapier "Killer Bee's Curse" {distort,
                  | Drain rElec rPois rF+}
 65672 | Vaults:5 | Identified the +6 quarterstaff of the Protecting Asp
                  | {venom, rC+ Str-3 Dex+5}
 66082 | Vaults:5 | Reached skill level 22 in Conjurations
 66152 | Vaults:5 | Identified the +8 dagger of Ravage {holy, Str+3}
 66234 | Vaults:5 | Identified the amulet "Caodd" {Faith Fly Will+++ Dex-2
                  | SInv}
 66317 | Vaults:5 | Noticed a dread lich
 66324 | Vaults:5 | Killed a dread lich
 66702 | Depths:1 | Entered Level 1 of the Depths
 67373 | Depths:1 | Found a gateway to Hell.
 68609 | Depths:2 | Found a one-way gateway to a ziggurat.
 68947 | Depths:2 | Identified the +0 robe "Quceagy" {Str+7}
 69039 | Depths:2 | Reached XP level 24. HP: 176/176 MP: 11/44
 69072 | Depths:2 | Noticed a juggernaut
 69714 | Depths:2 | Found a one-way gate to the infinite horrors of the Abyss.
 69796 | Depths:2 | Killed a juggernaut
 70149 | Depths:2 | Found a hide-covered altar of Uskayaw.
 70194 | Depths:2 | Identified the +2 arbalest of Kismet {penet, *Corrode Str+8
                  | Int+4 Dex-3}
 70272 | Depths:2 | Found a burning altar of Makhleb.
 70985 | Depths:3 | Found Lirorr's Distillery.
 70993 | Depths:3 | Bought a potion of heal wounds for 100 gold pieces
 70993 | Depths:3 | Bought a potion of haste for 200 gold pieces
 70993 | Depths:3 | Bought a potion of haste for 200 gold pieces
 71886 | Vaults:3 | You paid a toll of 8 potions of haste to enter a treasure
                  | trove
 71887 | Trove    | Entered a treasure trove
 71892 | Trove    | Identified the amulet "Nomoistruymu" {Spirit Dex+4 SInv}
 71893 | Trove    | Identified the amulet "Guicem" {RegenMP rPois rN+ Str+4}
 71894 | Trove    | Identified the amulet "Furgha Vown" {RegenMP +Inv MP+9}
 71896 | Trove    | Identified the ring of Secrets {rPois EV+4}
 71899 | Trove    | Identified the amulet of Leudih {Spirit rPois Str+2}
 71900 | Trove    | Identified the ring of Xom's Full Attention {Contam rF+
                  | Str+6 Dex+4}
 71901 | Trove    | Identified the amulet "Seoskor" {RegenMP Fragile rElec
                  | rCorr Dex-3}
 71902 | Trove    | Identified the ring "Jix Pipn" {rN+ Str+6 Dex+2}
 73026 | Depths:4 | Entered Level 4 of the Depths
 73155 | Depths:4 | Noticed Mennas
 73158 | Depths:4 | Killed Mennas
 73252 | Depths:4 | Noticed Margery
 73443 | Depths:4 | Killed Margery
 73959 | Depths:4 | Noticed the Enchantress
 73961 | Depths:4 | Killed the Enchantress
 73962 | Depths:4 | Reached skill level 5 in Armour
 74525 | Depths:4 | Found Baothel's Jewellery Shop.
 74966 | Depths:4 | Found a gate to the Realm of Zot.
 75524 | Slime:1  | Entered Level 1 of the Pits of Slime
 75528 | Slime:1  | Gained mutation: You are resistant to unholy torment.
                  | [demonic ancestry]
 75528 | Slime:1  | Reached XP level 25. HP: 186/186 MP: 45/45
 76126 | Slime:2  | Learned a level 6 spell: Death Channel
 76383 | Slime:3  | Reached skill level 1 in Necromancy
 76911 | Slime:3  | You are sucked into a shaft and drop 1 floor!
 76948 | Slime:4  | Reached skill level 23 in Conjurations
 77874 | Slime:5  | Entered Level 5 of the Pits of Slime
 78459 | Slime:5  | Noticed the Royal Jelly
 78624 | Slime:5  | Reached skill level 5 in Necromancy
 78635 | Slime:5  | Killed the Royal Jelly
 78649 | Slime:5  | Found the +0 staff of Battle
 78651 | Slime:5  | Found the +7 sceptre of Torment {pain, torment}
 78652 | Slime:5  | Got Sif Muna's Omnibus of the Fetid Coals
 78656 | Slime:5  | Got a slimy rune of Zot
 78657 | Slime:5  | Identified the +11 falchion of the Jolly Yaks {venom, rN+
                  | Dex+4 SInv}
 78705 | Slime:5  | Identified the amulet of the Three Beasts {*Slow Regen+
                  | rCorr Int+5 Slay+2}
 78717 | Slime:5  | Identified the +7 battleaxe of the Puffball {vamp, rCorr
                  | Dex+4}
 79052 | Orc:2    | Bought a pair of glowing boots for 247 gold pieces
 79353 | Depths:2 | Voluntarily entered the Abyss.
 79800 | Abyss:2  | Paralysed by an air elemental for 1 turns
 80249 | Abyss:3  | HP: 7/171 [starcursed mass/accursed screaming (6)]
 80326 | Abyss:3  | Got an abyssal rune of Zot
 80341 | Depths:2 | Escaped the Abyss
 80586 | Zot:1    | Entered Level 1 of the Realm of Zot
 81106 | Zot:1    | Gained mutation: You are completely covered in razor-sharp
                  | scales. (AC +3, Slay +3) [demonic ancestry]
 81106 | Zot:1    | Reached XP level 26. HP: 177/197 MP: 25/45
 81257 | Zot:1    | Identified the +1 robe of a Gauntlet {rC+}
 81687 | Zot:1    | Noticed an orb of fire
 81689 | Zot:1    | Gained mutation: You are dopey. (Int -2) [an orb of fire]
 81704 | Zot:1    | Killed an orb of fire
 81975 | Zot:1    | Lost mutation: You are dopey. (Int -2) [potion of mutation]
 81975 | Zot:1    | Gained mutation: You have hidden genetic defects. [potion
                  | of mutation]
 81975 | Zot:1    | Gained mutation: Your muscles are strong. (Str +4, Int/Dex
                  | -1) [potion of mutation]
 81975 | Zot:1    | Gained mutation: You are agile. (Dex +4, Str/Int -1)
                  | [potion of mutation]
 81976 | Zot:1    | Lost mutation: Your muscles are strong. (Str +4, Int/Dex
                  | -1) [potion of mutation]
 81976 | Zot:1    | Lost mutation: You are agile. (Dex +4, Str/Int -1) [potion
                  | of mutation]
 81976 | Zot:1    | Gained mutation: You expend magic power (3 MP) to
                  | strengthen your wands. [potion of mutation]
 81976 | Zot:1    | Gained mutation: You are resistant to electric shocks.
                  | (rElec) [potion of mutation]
 81977 | Zot:1    | Lost mutation: You are resistant to electric shocks.
                  | (rElec) [potion of mutation]
 81977 | Zot:1    | Lost mutation: You have hidden genetic defects. [potion of
                  | mutation]
 81977 | Zot:1    | Gained mutation: You sometimes lose your temper in combat.
                  | [potion of mutation]
 81978 | Zot:1    | Lost mutation: You expend magic power (3 MP) to strengthen
                  | your wands. [potion of mutation]
 81978 | Zot:1    | Lost mutation: You sometimes lose your temper in combat.
                  | [potion of mutation]
 81978 | Zot:1    | Gained mutation: You have hidden genetic potential. [potion
                  | of mutation]
 83598 | Zot:2    | Noticed an orb of fire
 83612 | Zot:2    | Gained mutation: You are weak. (Str -2) [an orb of fire]
 83617 | Zot:2    | Killed an orb of fire
 84550 | Zot:5    | Entered Level 5 of the Realm of Zot
 84562 | Zot:5    | Reached skill level 15 in Shields
 84611 | Zot:5    | Reached skill level 10 in Necromancy
 84722 | Zot:5    | Noticed an orb of fire
 84724 | Zot:5    | Noticed an orb of fire
 84724 | Zot:5    | Noticed an orb of fire
 84724 | Zot:5    | Noticed an ancient lich
 84725 | Zot:5    | Gained mutation: Your spells are a little easier to cast,
                  | but a little less powerful. [an orb of fire]
 84728 | Zot:5    | Gained mutation: You occasionally lose the ability to drink
                  | potions when taking damage. [an orb of fire]
 84731 | Zot:5    | Gained mutation: You are clumsy. (Dex -2) [an orb of fire]
 84734 | Zot:5    | Killed an orb of fire
 84734 | Zot:5    | Killed an orb of fire
 84734 | Zot:5    | Killed an orb of fire
 84734 | Zot:5    | Killed an ancient lich
 84739 | Zot:5    | Noticed an orb of fire
 84751 | Zot:5    | Killed an orb of fire
 84760 | Zot:5    | Noticed an ancient lich
 84767 | Zot:5    | Killed an ancient lich
 84838 | Zot:5    | Noticed an orb of fire
 84841 | Zot:5    | Got the Orb of Zot
 84846 | Zot:5    | Noticed an orb of fire
 84850 | Zot:5    | Noticed an orb of fire
 84852 | Zot:5    | Noticed Necupp the pandemonium lord
 84852 | Zot:5    | Gained mutation: You are occasionally teleported next to
                  | monsters. [an orb of fire]
 85403 | D:4      | Noticed Udotsyo the pandemonium lord
 85506 | D:$      | Escaped with the Orb!

Illustrated notes

Levels and vault maps discovered:
D:1:      kennysheep_arrival_seaside, layout_loops_corners,
          minmay_misc_feat_columns
D:2:      layout_loops_ring, kennysheep_cross_room, grunt_decor_cap,
          dk_noncrumbling_3
D:3:      layout_rooms, mainiacjoe_overflow_surrounded_room, serial_shops,
          nicolae_shop_trees
D:4:      layout_cave_pools, mainiacjoe_overflow_concentric_impassable,
          minmay_temple_entry_water_ring, minmay_misc_feat_chi,
          kennysheep_pointless_box, grunt_ministairs_3,
          hangedman_abyss_or_decor_stagger, uniq_eustachio
D:5:      layout_rooms, grunt_dithmenos_smoke, kennysheep_mini_moat,
          nicolae_take_the_stairs, chequers_hall_statues_y, minmay_crossroads,
          uniq_sigmund, uniq_blork_the_orc
D:6:      layout_basic, lemuel_tele_altar
D:7:      layout_loops_ring, supply_closet_lemuel, minmay_between
D:8:      layout_loops_cross, mainiacjoe_overflow_cross_hatched,
          minmay_lizard_king
D:9:      layout_long_grid, orc_david_3, serial_shops,
          nicolae_shop_advertising_works [nicolae_subvault_shop_adworks],
          nicolae_shop_hallway_stairs, shop, nicolae_stop_n_shop_1
D:10:     layout_loops_ring, grunt_lair_entry_orc_guard_hut, enter_bailey_1
D:11:     nicolae_BIG_FREAKIN_CUBE, layout_gridville,
          portal_ice_cave_entry_pillars_1, serial_shops,
          nicolae_shop_waterfront, uniq_psyche, uniq_amaemon
D:12:     layout_gridville, uniq_urug, uniq_josephine
D:13:     layout_basic, grunt_vaults_entry_tiered
D:14:     layout_basic, gammafunk_ghost_spectres, corexii_hall_statues_x,
          xom_confusion_cloud
D:15:     gammafunk_enter_depths_forms, layout_small_grid, serial_glass,
          glass_columns_b, glass_columns_c, glass_columns_b, glass_columns_a,
          glass_columns_b, glass_columns_a, glass_columns_a, glass_columns_b,
          gauntlet_entry_generic, minmay_strange_pillars, nicolae_titane,
          uniq_kirke
Temple:   kb_temple_of_zot
Lair:1:   layout_layer_cave, serial_bayou_shore_a
Lair:2:   layout_long_grid, elwin_shoals_entry_rooms, spider_nest_entry_rubble,
          chequers_serial_rivers_small_3
Lair:3:   layout_regular_city, chequers_serial_rivers_small_a,
          eino_house_with_fridge
Lair:4:   layout_gridlike, grunt_megastairs_4, infiniplex_staircase_pool_2
Lair:5:   minmay_lair_end_enchanted_forest, layout_layer_cave, slime_entry_2,
          lemuel_fruit_fields, infiniplex_staircase_pool, serial_bayou_shore_b
Shoals:1: layout_shoals
Shoals:2: gammafunk_sealed_arena, layout_shoals
Shoals:3: layout_shoals
Shoals:4: shoals_end_hellmonk_lost_city
Spider:1: layout_spider_delve
Spider:2: layout_spider_delve
Spider:3: lemuel_spider_zombies, nicolae_spider_bug_shape
Spider:4: johnstein_spider_rune_arachne_lair
Slime:1:  layout_caves, cheibrodos_slime_lost_civilization_4
Slime:2:  layout_caves
Slime:3:  cheibrodos_slime_lost_civilization_2, layout_caves,
          nicolae_slime_welcoming_committee
Slime:4:  layout_caves, cheibrodos_slime_lost_civilization_5
Slime:5
Orc:1:    layout_caves, basic_altar, serial_shops, nicolae_shop_crystal,
          nicolae_shop_trees
Orc:2:    pf_orc_diabolical, layout_diamond_mine, basic_altar,
          minmay_orc_temple_c, uniq_sonja
Elf:1:    nicolae_elf_arrival_dilemma, layout_rooms, basic_altar, minivault_28,
          drop_trap
Elf:2:    nicolae_elf_blades_crystal_corner, layout_gridlike,
          minmay_elf_annihilation, uniq_roxanne
Elf:3:    minmay_elf_hall_x, layout_geoelf_octagon, drop_trap, nrook_uturn,
          ebering_dispersal_statue_hall, nicolae_elf_deep_friendship
Vaults:1: mu_enter_wizlab_2, vaults_mumra_bighexcomb, hangedman_vaults_stagger,
          vaults_room_pools, serial_ice_h, nicolae_vaults_angled_halls,
          layout_vaults_omnigrid, serial_shops, nicolae_shop_crystal, shop, shop
Vaults:2: v_rooms_2, v_rooms_3, nicolae_vaults_disjoint_gnomons,
          nicolae_vaults_murderbox, vaults_room_octagon,
          vaults_room_ringed_pool, v_misc_8, nicolae_vaults_twisting_passages,
          hangedman_vaults_trim, grunt_vaults_hallway_short,
          layout_vaults_omnicross
Vaults:3: st_greater_box_3, dpeg_vaults_monster_row, vaults_mumra_lcd,
          minmay_crypt_entry_skeletal_spiral, nicolae_vaults_rhombus_6,
          nicolae_vaults_border_crossing, layout_vaults_maze_snakey,
          enter_trove_1, serial_shops, shop
Vaults:4: portal_desolation_entry_garden, nicolae_vaults_specimen_jars,
          vaults_dpeg_spiral, vaults_mumra_minichess, hangedman_vaults_nodes,
          vaults_dpeg_hooks, hangedman_vaults_pinch, v_misc_8, v_alt_pattern_4,
          v_alt_pattern_3, layout_vaults_chaotic_city, serial_shops,
          nicolae_shop_behind_doors, nicolae_shop_behind_doors, shop,
          nicolae_shop_stone, shop_coins
Vaults:5
Depths:1: layout_gridlike, hell_entry, pan_entry, minmay_fountain_box,
          nicolae_water_bricks, hangedman_corner_corridor
Depths:2: minmay_the_grid_triangle_9x9_recursive_3_mashed
          [minmay_the_grid_triangle_9x9_warning,
          minmay_the_grid_triangle_9x9_shrine,
          minmay_the_grid_triangle_9x9_flanged_cone,
          minmay_the_grid_triangle_9x9_prize_schism,
          minmay_the_grid_triangle_9x9_odd_lines,
          minmay_the_grid_triangle_9x9_intruding_spiral,
          minmay_the_grid_triangle_9x9_wacky_v,
          minmay_the_grid_triangle_9x9_alien,
          minmay_the_grid_triangle_9x9_corruption], layout_twisted_cross,
          enter_ziggurat_a, rand_demon_pan_entry_3, hell_entry,
          nicolae_uskayaw_dance_hall, abyss_entry, minivault_10
Depths:3: nzn_winding_woodlands_medium [nzn_winding_woodlands_5x5_closed_star,
          nzn_winding_woodlands_5x15_river_crossing,
          nzn_winding_woodlands_5x5_three, nzn_winding_woodlands_5x5_perimeter,
          nzn_winding_woodlands_center_diamonds,
          nzn_winding_woodlands_5x5_cross, nzn_winding_woodlands_hourglass,
          nzn_winding_woodlands_5x15_zeroes,
          nzn_winding_woodlands_5x5_checkerboard], layout_long_grid,
          serial_shops, nicolae_shop_temple_entry_statues_fountains,
          minmay_room_of_horrors, pf_coc_iceberg, minmay_misc_feat_rugged,
          chequers_serial_rivers_micro_d
Depths:4: evilmike_zot_entry_round, layout_gridlike, hell_entry, serial_shops,
          shop, minmay_misc_feat_four_crosses, grunt_megastairs_1, uniq_margery,
          uniq_mennas, uniq_enchantress
Zot:1:    layout_gridlike, grunt_ministairs_1
Zot:2:    layout_misc_corridors, hangedman_snake_sidewinding
Zot:3:    layout_onion_interference, zot_minivault_4
Zot:4:    kennysheep_six_static_rooms, layout_concentric_octagons
Zot:5:    layout_basic, gammafunk_ghost_grave, not_door_vault_due

Skill      XL: |  1  2  3  4  5  6  7  8  9 10 11 12 13 14 15 16 17 18 19 20 21 22 23 24 25 26 |
---------------+-------------------------------------------------------------------------------+-----
Conjurations   | 2 3 4 5 7 8 10 12 13 14 16 19 21 22 23 | 23.9
Fire Magic     | 1 2 3 4 5 7 9 11 12 13 15 16 18 19 20 21 | 21.7
Spellcasting   | 4 5 6 7 8 10 11 12 13 14 15 16 17 18 19 | 19.3
Poison Magic   | 2 4 5 |  5.0
Dodging        | 2 5 6 8 9 10 11 12 13 14 | 14.4
Shields        | 1 6 7 9 10 11 12 13 14 15 | 15.0
Fighting       | 5 6 7 8 10 11 12 13 14 | 14.9
Polearms       | 8 12 13 14 | 14.0
Armour         | 4 5 |  5.8
Necromancy     | 7 11 | 11.9
Stealth        | |  1.7
Summonings     | |  1.0
Translocations | |  0.8

Action                   |  1- 3 |  4- 6 |  7- 9 | 10-12 | 13-15 | 16-18 | 19-21 | 22-24 | 25-27 || total
-------------------------+-------+-------+-------+-------+-------+-------+-------+-------+-------++-------
Melee: Dagger            |     7 |    33 |    19 |    72 |       |       |       |       |       ||   131
       Touch             |       |     9 |     7 |       |       |       |       |       |       ||    16
       Battleaxe         |       |       |   126 |   101 |       |       |       |       |       ||   227
       Demon trident     |       |       |       |    36 |   491 |  1029 |   659 |   616 |   318 ||  3149
       Staff             |       |       |       |       |       |       |     7 |   125 |   117 ||   249
 Fire: Sling             |       |       |    48 |    13 |       |       |       |       |       ||    61
 Cast: Magic Dart        |   103 |    78 |   209 |   190 |    97 |    12 |       |       |       ||   689
       Conjure Flame     |       |     3 |    17 |       |       |       |       |       |       ||    20
       Mephitic Cloud    |       |       |     3 |    18 |     3 |     5 |       |       |       ||    29
       Fireball          |       |       |       |    73 |   126 |   296 |   220 |   141 |    88 ||   944
       Starburst         |       |       |       |    45 |    54 |   147 |    26 |     6 |     5 ||   283
       Ignition          |       |       |       |       |       |       |   186 |   223 |   170 ||   579
       Orb of Destructio |       |       |       |       |       |       |    45 |    23 |    26 ||    94
       Fire Storm        |       |       |       |       |       |       |       |    62 |    85 ||   147
       Death Channel     |       |       |       |       |       |       |       |       |     3 ||     3
       Iron Shot         |       |       |       |       |       |       |       |       |     1 ||     1
Evoke: Wand              |       |       |       |     5 |       |     1 |       |       |     1 ||     7
       Phantom mirror    |       |       |       |       |       |       |     1 |       |       ||     1
       Condenser vane    |       |       |       |       |       |       |     1 |       |       ||     1
  Use: Potion            |       |     4 |     5 |     9 |     7 |     6 |     5 |    12 |    24 ||    72
       Scroll            |       |     4 |     2 |    17 |    13 |    12 |     6 |    11 |     6 ||    71
 Stab: Paralysed         |     3 |    18 |    41 |    31 |    46 |   144 |    38 |    46 |    25 ||   392
       Confused          |       |       |       |     3 |     3 |     1 |       |       |       ||     7
       Sleeping          |       |       |       |     2 |     1 |     2 |     8 |     1 |     1 ||    15
       Invisible         |       |       |       |       |     2 |       |       |       |       ||     2
       Distracted        |       |       |       |       |       |     2 |     5 |     1 |     3 ||    11
Armor: Robe              |     6 |     8 |    78 |    67 |    39 |       |    31 |    75 |       ||   304
       Troll leather arm |       |       |       |       |     8 |   125 |    20 |    12 |       ||   165
       Acid dragon scale |       |       |       |       |       |       |       |       |    75 ||    75
Dodge: Dodged            |     6 |    18 |   153 |   182 |   104 |   268 |   164 |   184 |   125 ||  1204
Block: Other             |     1 |     4 |    46 |    52 |       |       |       |       |       ||   103
       Reflection        |       |     1 |     3 |     3 |    10 |    59 |    55 |    26 |    11 ||   168
       Buckler           |       |       |       |    66 |   119 |       |       |       |       ||   185
       Kite shield       |       |       |       |       |     5 |   590 |   384 |   474 |   304 ||  1757
